TOP OF THE 1ST |
St Charles Sheens batting - Pitching for Springfield Stars : LHP José López
|
Pitching: LHP José López
|
|
Batting: LHB Jason Lambert
|
0-0: Ground out 4-3 (Groundball, 4)
|
Batting: RHB Kel Pierce
|
0-0: Fly out, F2 (Popup, 2RF)
|
Batting: LHB Jeff Carter
|
0-0: Fly out, F5 (Popup, 5L)
|
Top of the 1st over - 0 run(s), 0 hit(s), 0 error(s), 0 left on base; St Charles 0 - Springfield 0 |
BOTTOM OF THE 1ST |
Springfield Stars batting - Pitching for St Charles Sheens : RHP Gustavo Ramos
|
Pitching: RHP Gustavo Ramos
|
|
Batting: RHB Juan Rodríguez
|
0-0: Foul Ball, location: 2F 0-1: Ball 1-1: Ball 2-1: Ball 3-1: Base on Balls
|
Batting: RHB Calvin Bennett
|
0-0: Ball 1-0: Called Strike Juan Rodríguez is caught stealing 2nd base 1-1: Ball 2-1: Called Strike 2-2: SINGLE (Groundball, 4MD) (infield hit)
|
Batting: LHB Derek Davidson
|
0-0: Ball Calvin Bennett is caught stealing 2nd base 1-0: Called Strike 1-1: Swinging Strike 1-2: Ball 2-2: Strikes out looking
|
Bottom of the 1st over - 0 run(s), 1 hit(s), 0 error(s), 0 left on base; St Charles 0 - Springfield 0 |
TOP OF THE 2ND |
St Charles Sheens batting - Pitching for Springfield Stars : LHP José López
|
Batting: RHB Júlio Figueroa
|
0-0: Called Strike 0-1: Ball 1-1: Ball 2-1: Fly out, F5 (Popup, 56)
|
Batting: LHB Marcos Cantú
|
0-0: Ball 1-0: Ball 2-0: Called Strike 2-1: Ball 3-1: Base on Balls
|
Batting: RHB Dan Tyler
|
0-0: Ball Marcos Cantú is caught stealing 2nd base 1-0: Swinging Strike 1-1: Ground out 6-3 (Groundball, 6M)
|
Top of the 2nd over - 0 run(s), 0 hit(s), 0 error(s), 0 left on base; St Charles 0 - Springfield 0 |
BOTTOM OF THE 2ND |
Springfield Stars batting - Pitching for St Charles Sheens : RHP Gustavo Ramos
|
Batting: LHB Felipe Guerrero
|
0-0: Ball 1-0: Ball 2-0: Called Strike 2-1: Foul Ball, location: 2F 2-2: Ground out 1-3 (Groundball, 15)
|
Batting: LHB Elliott Newell
|
0-0: Foul Ball, location: 2F 0-1: SINGLE (Groundball, 6MD)
|
Batting: SHB Shane Hutchinson
|
0-0: Ball 1-0: Ball 2-0: SINGLE (Line Drive, 9S) Elliott Newell to second
|
Batting: RHB Juan Carlos Rodríguez
|
0-0: Swinging Strike 0-1: Called Strike Elliott Newell steals 3rd base Shane Hutchinson to second 0-2: Ball 1-2: Foul Ball, location: 2F 1-2: Ball 2-2: Ball 3-2: Fly out, F8 (Flyball, 8LXD) Runner from 3rd tags up, SCORES, no throw Shane Hutchinson to third
|
Batting: RHB Alberto Campos
|
0-0: Foul Ball, location: 2F 0-1: Foul Ball, location: 2F 0-2: Foul Ball, location: 2F 0-2: Fly out, F8 (Popup, 8RS)
|
Bottom of the 2nd over - 1 run(s), 2 hit(s), 0 error(s), 1 left on base; St Charles 0 - Springfield 1 |
TOP OF THE 3RD |
St Charles Sheens batting - Pitching for Springfield Stars : LHP José López
|
Batting: RHB Judson Backstrom
|
0-0: Ground out 5-3 (Groundball, 5L)
|
Batting: RHB Max Rash
|
0-0: Ball 1-0: Fly out, F6 (Popup, 6MD)
|
Batting: LHB Gene Cooper
|
0-0: Ball 1-0: Ground out 1-6-3 (Groundball, 15S)
|
Top of the 3rd over - 0 run(s), 0 hit(s), 0 error(s), 0 left on base; St Charles 0 - Springfield 1 |
BOTTOM OF THE 3RD |
Springfield Stars batting - Pitching for St Charles Sheens : RHP Gustavo Ramos
|
Batting: LHB Jesús Tobías
|
0-0: Foul Ball, location: 2F 0-1: Ball 1-1: Fly out, F4 (Popup, 34)
|
Batting: RHB Juan Rodríguez
|
0-0: Foul Ball, location: 2F 0-1: Ground out 6-3 (Groundball, 6)
|
Batting: RHB Calvin Bennett
|
0-0: Ball 1-0: Fly out, F3 (Popup, 3F)
|
Bottom of the 3rd over - 0 run(s), 0 hit(s), 0 error(s), 0 left on base; St Charles 0 - Springfield 1 |
TOP OF THE 4TH |
St Charles Sheens batting - Pitching for Springfield Stars : LHP José López
|
Batting: LHB Jason Lambert
|
0-0: Called Strike 0-1: Swinging Strike 0-2: Foul Ball, location: 2F 0-2: SINGLE (Groundball, 4MD)
|
Batting: RHB Kel Pierce
|
0-0: Called Strike 0-1: Swinging Strike 0-2: Ball 1-2: Foul Ball, location: 2F 1-2: Strikes out swinging
|
Batting: LHB Jeff Carter
|
0-0: Ball 1-0: Called Strike 1-1: Grounds into double play, 4-6-3 (Groundball, 4)
|
Top of the 4th over - 0 run(s), 1 hit(s), 0 error(s), 0 left on base; St Charles 0 - Springfield 1 |
BOTTOM OF THE 4TH |
Springfield Stars batting - Pitching for St Charles Sheens : RHP Gustavo Ramos
|
Batting: LHB Derek Davidson
|
0-0: Ball 1-0: Ball 2-0: Foul Ball, location: 2F 2-1: Ball 3-1: Swinging Strike 3-2: Fly out, F9 (Line Drive, 9LM)
|
Batting: LHB Felipe Guerrero
|
0-0: Called Strike 0-1: Called Strike 0-2: Ball 1-2: Foul Ball, location: 2F 1-2: Ball 2-2: Ball 3-2: Base on Balls
|
Batting: LHB Elliott Newell
|
0-0: TRIPLE (Flyball, 78D) Felipe Guerrero scores
|
Batting: SHB Shane Hutchinson
|
0-0: Ball 1-0: Called Strike 1-1: Foul Ball, location: 2F 1-2: Strikes out looking
|
Batting: RHB Juan Carlos Rodríguez
|
0-0: Foul Ball, location: 2F 0-1: Fly out, F4 (Line Drive, 4)
|
Bottom of the 4th over - 1 run(s), 1 hit(s), 0 error(s), 1 left on base; St Charles 0 - Springfield 2 |
TOP OF THE 5TH |
St Charles Sheens batting - Pitching for Springfield Stars : LHP José López
|
Batting: RHB Júlio Figueroa
|
0-0: Called Strike 0-1: Ball 1-1: SINGLE (Line Drive, 8LS)
|
Batting: LHB Marcos Cantú
|
0-0: Called Strike 0-1: 2-RUN HOME RUN (Flyball, 7LD), Distance : 373 ft
|
Batting: RHB Dan Tyler
|
0-0: Called Strike 0-1: Fly out, F9 (Flyball, 9LM)
|
Batting: RHB Judson Backstrom
|
0-0: Ground out 5-3 (Groundball, 5)
|
Batting: RHB Max Rash
|
0-0: Foul Ball, location: 2F 0-1: Foul Ball, location: 2F 0-2: Foul Ball, location: 2F 0-2: Foul Ball, location: 2F 0-2: Strikes out swinging
|
Top of the 5th over - 2 run(s), 2 hit(s), 0 error(s), 0 left on base; St Charles 2 - Springfield 2 |
BOTTOM OF THE 5TH |
Springfield Stars batting - Pitching for St Charles Sheens : RHP Gustavo Ramos
|
Batting: RHB Alberto Campos
|
0-0: Ball 1-0: Swinging Strike 1-1: Fly out, F7 (Line Drive, 7M)
|
Batting: LHB Jesús Tobías
|
0-0: Ball 1-0: Called Strike 1-1: Ball 2-1: Foul Ball, location: 2F 2-2: Foul Ball, location: 2F 2-2: Ball 3-2: Foul Ball, location: 2F 3-2: Fly out, F8 (Flyball, 8RM)
|
Batting: RHB Juan Rodríguez
|
0-0: Called Strike 0-1: Ball 1-1: Called Strike 1-2: Foul Ball, location: 2F 1-2: Foul Ball, location: 2F 1-2: Foul Ball, location: 2F 1-2: Ball 2-2: SINGLE (Line Drive, 8LS)
|
Batting: RHB Calvin Bennett
|
0-0: Ball 1-0: Swinging Strike 1-1: Ball 2-1: Foul Ball, location: 2F 2-2: Strikes out swinging
|
Bottom of the 5th over - 0 run(s), 1 hit(s), 0 error(s), 1 left on base; St Charles 2 - Springfield 2 |
TOP OF THE 6TH |
St Charles Sheens batting - Pitching for Springfield Stars : LHP José López
|
Batting: LHB Gene Cooper
|
0-0: Called Strike 0-1: Foul Ball, location: 2F 0-2: Ball 1-2: Foul Ball, location: 2F 1-2: Ball 2-2: Ball 3-2: Ground out U3 (Groundball, 3S)
|
Batting: LHB Jason Lambert
|
0-0: Ball 1-0: Ball 2-0: Ball 3-0: Base on Balls
|
Batting: RHB Kel Pierce
|
0-0: Ground out 5-3 (Groundball, 5) Jason Lambert to second
|
Batting: LHB Jeff Carter
|
0-0: Called Strike 0-1: Fly out, F9 (Flyball, 89D)
|
Top of the 6th over - 0 run(s), 0 hit(s), 0 error(s), 1 left on base; St Charles 2 - Springfield 2 |
BOTTOM OF THE 6TH |
Springfield Stars batting - Pitching for St Charles Sheens : RHP Gustavo Ramos
|
Pitching: LHP Shan Liu
|
|
Batting: LHB Derek Davidson
|
0-0: Ball 1-0: Called Strike 1-1: Ball 2-1: Swinging Strike 2-2: Ball 3-2: Foul Ball, location: 2F 3-2: Fly out, F8 (Flyball, 78S)
|
Batting: LHB Felipe Guerrero
|
0-0: Foul Ball, location: 2F 0-1: Fly out, F6 (Popup, 6D)
|
Pitching: RHP Juan Rivera
|
|
Batting: LHB Elliott Newell
|
0-0: Called Strike 0-1: Ball 1-1: Foul Ball, location: 2F 1-2: Ball 2-2: Foul Ball, location: 2F 2-2: Ball 3-2: Fly out, F9 (Flyball, 89S)
|
Bottom of the 6th over - 0 run(s), 0 hit(s), 0 error(s), 0 left on base; St Charles 2 - Springfield 2 |
TOP OF THE 7TH |
St Charles Sheens batting - Pitching for Springfield Stars : LHP José López
|
Batting: RHB Júlio Figueroa
|
0-0: Called Strike 0-1: Ball 1-1: Swinging Strike 1-2: Ground out 6-3 (Groundball, 6)
|
Batting: LHB Marcos Cantú
|
0-0: Ball 1-0: Ball 2-0: Ball 3-0: Called Strike 3-1: Foul Ball, location: 2F 3-2: Foul Ball, location: 2F 3-2: Strikes out swinging
|
Batting: RHB Dan Tyler
|
0-0: Called Strike 0-1: Ball 1-1: Ball 2-1: Called Strike 2-2: Ground out 1-3 (Groundball, 15)
|
Top of the 7th over - 0 run(s), 0 hit(s), 0 error(s), 0 left on base; St Charles 2 - Springfield 2 |
BOTTOM OF THE 7TH |
Springfield Stars batting - Pitching for St Charles Sheens : RHP Juan Rivera
|
Batting: SHB Shane Hutchinson
|
0-0: Ball 1-0: Ball 2-0: Called Strike 2-1: Ball 3-1: Called Strike 3-2: SINGLE (Groundball, 3L)
|
Batting: RHB Juan Carlos Rodríguez
|
0-0: Ball 1-0: Ball 2-0: Foul Ball, location: 2F 2-1: Swinging Strike 2-2: Foul Ball, location: 2F 2-2: Foul Ball, location: 2F 2-2: Fly out, F5 (Popup, 5S)
|
Batting: RHB Alberto Campos
|
0-0: Ball 1-0: Ball Shane Hutchinson steals 2nd base 2-0: Ground out 6-3 (Groundball, 6) Shane Hutchinson to third
|
Batting: LHB Jesús Tobías
|
0-0: Swinging Strike 0-1: Swinging Strike 0-2: Ball 1-2: Foul Ball, location: 2F 1-2: Strikes out looking
|
Bottom of the 7th over - 0 run(s), 1 hit(s), 0 error(s), 1 left on base; St Charles 2 - Springfield 2 |
TOP OF THE 8TH |
St Charles Sheens batting - Pitching for Springfield Stars : LHP José López
|
Batting: RHB Judson Backstrom
|
0-0: Fly out, F9 (Flyball, 9M)
|
Batting: RHB Max Rash
|
0-0: Ground out 4-3 (Groundball, 4M)
|
Batting: LHB Gene Cooper
|
0-0: Foul Ball, location: 2F 0-1: Swinging Strike 0-2: Ball 1-2: Foul Ball, location: 2F 1-2: Strikes out swinging
|
Top of the 8th over - 0 run(s), 0 hit(s), 0 error(s), 0 left on base; St Charles 2 - Springfield 2 |
BOTTOM OF THE 8TH |
Springfield Stars batting - Pitching for St Charles Sheens : RHP Juan Rivera
|
Pitching: RHP Tsugahara Suzuki
|
|
Batting: RHB Juan Rodríguez
|
0-0: Ball 1-0: Ball 2-0: Fly out, F2 (Popup, 23F)
|
Batting: RHB Calvin Bennett
|
0-0: Foul Ball, location: 2F 0-1: Ball 1-1: Fly out, F8 (Flyball, 8LXD)
|
Batting: LHB Derek Davidson
|
0-0: Ball 1-0: Called Strike 1-1: Ball 2-1: Foul Ball, location: 2F 2-2: SINGLE (Line Drive, 34D)
|
Batting: LHB Felipe Guerrero
|
0-0: Ball Balk! Derek Davidson to second 1-0: 2-RUN HOME RUN (Flyball, 8RXD) (Inside the Park)
|
Batting: LHB Elliott Newell
|
0-0: Foul Ball, location: 2F 0-1: Ball 1-1: Ground out 3-1 (Groundball, 34S)
|
Bottom of the 8th over - 2 run(s), 2 hit(s), 0 error(s), 0 left on base; St Charles 2 - Springfield 4 |
TOP OF THE 9TH |
St Charles Sheens batting - Pitching for Springfield Stars : LHP José López
|
Pitching: RHP José Valdéz
|
|
Batting: LHB Jason Lambert
|
0-0: Ball 1-0: TRIPLE (Flyball, 78XD)
|
Batting: RHB Kel Pierce
|
0-0: Ball 1-0: Swinging Strike 1-1: Called Strike 1-2: Foul Ball, location: 2F 1-2: Ground out 5-3 (Groundball, 56S) Jason Lambert scores
|
Batting: LHB Jeff Carter
|
0-0: Called Strike 0-1: Ball 1-1: Foul Ball, location: 2F 1-2: SINGLE (Groundball, 4MD)
|
Pinch Hitting: LHB Juan Jose Rojas
|
0-0: Swinging Strike 0-1: Ball Wild Pitch! Jeff Carter to second 1-1: Called Strike 1-2: Strikes out looking
|
Batting: LHB Marcos Cantú
|
0-0: Called Strike 0-1: Ball 1-1: Ball 2-1: Ball 3-1: Base on Balls
|
Batting: RHB Dan Tyler
|
0-0: Called Strike 0-1: Swinging Strike 0-2: Ball 1-2: Ball 2-2: Foul Ball, location: 2F 2-2: Strikes out swinging
|
Top of the 9th over - 1 run(s), 2 hit(s), 0 error(s), 2 left on base; St Charles 3 - Springfield 4 |
|